Map: 2000 Atmospheres LE

Players

MaxPax

  • Race: Protoss Protoss

Elazer - Winner!

  • Race: Zerg Zerg

Event: DreamHack SC2 Masters 2021 Winter

VOD

Have the link to the VOD?

Description

Time

  • Played on: Oct. 14, 2021, 12:41 p.m.
  • Length: 15:27

All games in this series

Show
View Real Time Build Order
Export as new Build Order

MaxPax Protoss 

Build Orders: 1 Gate Expand, Zealot Archon, Dark Templar Rush 

Get SALT Encoding   

  12  0:00  Probe  
  13  0:12  Probe  
  14  0:19  Pylon  
  14  0:24  Probe  
  15  0:37  Probe (Chrono Boost)  
  15  0:40  Gateway  
  16  0:48  Probe (Chrono Boost)  
  16  0:49  Assimilator  
  17  0:53  Probe (Chrono Boost)  
  18  1:03  Probe  
  19  1:15  Probe  
  20  1:25  Nexus  
  20  1:36  Cybernetics Core  
  20  1:39  Probe  
  21  1:46  Assimilator  
  21  1:51  Probe  
  22  1:56  Pylon  
  22  2:03  Probe  
  23  2:11  Adept (Chrono Boost)  
  23  2:12  Warp Gate  
  25  2:15  Probe  
  26  2:24  Twilight Council  
  26  2:28  Probe (Chrono Boost)  
  27  2:31  Stalker (Chrono Boost)  
  29  2:37  Probe (Chrono Boost)  
  31  2:46  Probe (Chrono Boost)  
  31  2:47  Probe (Chrono Boost)  
  32  2:52  Probe x2 (Chrono Boost)  
  32  2:54  Robotics Facility  
  34  3:03  Probe  
  34  3:04  Probe  
  36  3:12  Gateway  
  36  3:15  Probe  
  36  3:16  Probe  
  38  3:21  Dark Shrine  
  38  3:26  Gateway  
  38  3:28  Probe  
  38  3:30  Probe  
  38  3:31  Adept  
  42  3:37  Warp Prism (Chrono Boost)  
  44  3:44  Pylon  
  44  3:47  Probe  
  45  3:49  Probe  
  45  3:50  Assimilator  
  46  4:00  Pylon  
  46  4:02  Probe x2, Shield Battery  
  48  4:09  Adept x2  
  52  4:14  Probe  
  52  4:16  Probe  
  54  4:34  Dark Templar x2  
  54  4:37  Dark Templar  
  60  4:43  Probe x2  
  62  4:47  Nexus, Pylon  
  62  4:58  Assimilator  
  62  5:00  Pylon  
  62  5:05  Probe x2, Pylon  
  62  5:06  Observer  
  65  5:07  Blink  
  65  5:10  Forge  
  65  5:18  Probe x2  
  67  5:30  Probe x2  
  67  5:34  Gateway x2  
  69  5:40  Gateway x2  
  69  5:42  Probe x2  
  71  5:43  Protoss Ground Weapons Level 1  
  71  5:44  Gateway  
  71  5:49  Sentry x2  
  75  5:51  Sentry  
  75  5:52  Shield Battery  
  75  5:54  Probe  
  78  5:59  Probe (Chrono Boost)  
  78  6:01  Probe (Chrono Boost)  
  78  6:03  Immortal (Chrono Boost)  
  87  6:11  Probe (Chrono Boost)  
  87  6:12  Probe (Chrono Boost), Pylon  
  87  6:16  Probe (Chrono Boost)  
  87  6:18  Probe (Chrono Boost)  
  87  6:20  Probe (Chrono Boost)  
  87  6:21  Stalker x2  
  87  6:23  Stalker  
  95  6:32  Pylon  
  95  6:34  Stalker  
  95  6:39  Probe  
  98  6:46  Stalker x4, Pylon  
  106  7:00  Stalker x2  
  106  7:01  Stalker x2  
  114  7:03  Pylon x2  
  114  7:04  Assimilator  
  114  7:06  Archon  
  114  7:09  Assimilator  
  112  7:27  Stalker x4  
  121  7:30  Probe  
  121  7:36  Stalker  
  123  7:38  Probe  
  123  7:41  Probe  
  123  7:42  Probe  
  124  7:48  Dark Templar  
  124  7:50  Charge (Chrono Boost)  
  126  7:51  Probe  
  126  7:53  Photon Cannon, Probe  
  126  7:55  Zealot x4  
  136  8:02  Pylon  
  136  8:03  Pylon  
  136  8:08  Pylon  
  136  8:11  Robotics Bay  
  128  8:27  Stalker  
  128  8:28  Stalker x7  
  128  8:39  Protoss Ground Weapons Level 2 (Chrono Boost)  
  128  8:50  Stalker  
  128  8:51  Stalker x6  
  128  8:55  Stalker  
  144  8:59  Observer  
  139  9:17  Stalker x7  
  141  9:19  Pylon  
  141  9:20  Stalker  
  145  9:34  Nexus  
  145  9:35  Pylon  
  131  9:39  Colossus (Chrono Boost)  
  127  9:52  Stalker x6  
  128  9:57  Stalker  
  128  10:08  Dark Templar  
  129  10:18  Dark Templar x2  
  116  10:29  Colossus (Chrono Boost)  
  116  10:35  Pylon  
  122  10:44  Cybernetics Core, Archon  
  122  10:45  Dark Templar  
  122  10:46  Zealot x3  
  130  10:51  Photon Cannon  
  130  10:52  Nexus  
  130  10:54  Pylon  
  130  10:56  Dark Templar  
  132  10:57  Zealot x3  
  132  11:00  Photon Cannon  
  132  11:02  Pylon  
  138  11:06  Archon  
  138  11:08  Dark Templar x2  
  142  11:11  Photon Cannon  
  142  11:12  Archon  
  142  11:15  Colossus (Chrono Boost)  
  148  11:19  Zealot  
  148  11:22  Zealot  
  148  11:37  Stalker x4  
  136  11:48  Sentry x3  
  141  12:03  Extended Thermal Lance (Chrono Boost), Pylon  
  133  12:11  Disruptor (Chrono Boost), Pylon  
  133  12:14  Probe  
  133  12:15  Probe x3  
  139  12:18  Zealot x4  
  139  12:21  Protoss Ground Weapons Level 3 (Chrono Boost)  
  139  12:27  Probe  
  140  12:32  Probe x2  
  140  12:33  Probe  
  140  12:35  Photon Cannon  
  143  12:37  Disruptor (Chrono Boost)  
  143  12:39  Probe  
  145  12:44  Probe x2  
  147  12:57  Probe  
  141  13:03  Dark Templar x3  
  141  13:04  Dark Templar  
  149  13:06  Zealot x3  
  149  13:10  Archon x2  
  149  13:11  Pylon  
  155  13:19  Pylon  
  144  13:34  Zealot x3  
  144  13:35  Zealot  
  148  13:49  Dark Templar x4  
  148  13:54  Archon x2  
  150  13:55  Zealot x3  
  150  13:58  Observer  
  125  14:26  Zealot x8  
  92  15:02  Stalker x8  
Show
View Real Time Build Order
Export as new Build Order

Elazer Zerg - Winner!

Build Orders: Hatch First 

Get SALT Encoding   

  12  0:00  Drone  
  13  0:12  Overlord  
  13  0:16  Drone  
  14  0:30  Drone x2  
  16  0:47  Hatchery  
  15  0:50  Drone  
  15  0:54  Drone  
  17  0:57  Drone  
  18  1:07  Extractor  
  17  1:14  Spawning Pool  
  17  1:17  Drone  
  17  1:20  Drone  
  18  1:27  Drone  
  19  1:38  Drone  
  20  1:48  Overlord  
  20  2:01  Queen x2  
  20  2:03  Drone, Zergling x2  
  26  2:11  Drone, Zergling x2  
  26  2:13  Metabolic Boost  
  28  2:20  Drone  
  28  2:21  Drone  
  30  2:31  Drone  
  30  2:32  Drone  
  32  2:37  Queen  
  32  2:42  Zergling x2  
  32  2:43  Overlord  
  35  2:51  Hatchery  
  35  2:56  Drone  
  35  2:57  Overlord  
  35  3:05  Drone  
  35  3:09  Drone x5  
  35  3:12  Drone  
  41  3:16  Queen  
  44  3:20  Drone  
  44  3:25  Queen  
  46  3:28  Overlord  
  46  3:32  Overlord  
  46  3:35  Drone  
  46  3:38  Drone  
  48  3:42  Drone x3  
  51  3:48  Drone x2  
  51  3:49  Drone  
  51  3:53  Spore Crawler  
  51  3:54  Overlord  
  53  4:00  Zergling x4  
  53  4:02  Roach Warren  
  54  4:07  Zergling x4  
  54  4:08  Zergling x2  
  57  4:12  Zergling x6  
  60  4:17  Zergling x8  
  60  4:23  Spore Crawler  
  63  4:24  Zergling x4  
  63  4:28  Zergling x4  
  67  4:31  Overlord  
  66  4:42  Spore Crawler  
  66  4:43  Zergling x8  
  67  4:47  Overlord  
  67  4:50  Drone x8  
  74  4:53  Lair  
  74  4:57  Overlord  
  74  4:59  Roach  
  76  5:02  Queen  
  78  5:09  Overlord  
  78  5:11  Roach x2  
  82  5:14  Roach  
  82  5:15  Roach  
  82  5:20  Drone x3  
  88  5:27  Drone x4  
  92  5:32  Overlord  
  92  5:33  Drone x3  
  95  5:37  Extractor x2  
  95  5:38  Queen, Extractor  
  94  5:44  Drone x7  
  94  5:47  Overlord  
  94  5:49  Drone x2  
  103  5:51  Overseer  
  103  5:52  Pneumatized Carapace  
  103  5:56  Drone  
  104  6:04  Drone x5, Extractor  
  104  6:08  Overlord  
  104  6:10  Glial Reconstitution  
  108  6:14  Drone x4, Evolution Chamber, Extractor  
  108  6:18  Drone x3  
  113  6:23  Hatchery  
  112  6:26  Overlord  
  112  6:28  Drone x2  
  114  6:34  Infestation Pit  
  114  6:35  Baneling Nest  
  114  6:37  Overlord  
  114  6:38  Drone x3  
  114  6:42  Roach  
  114  6:43  Roach x5  
  126  6:47  Overseer  
  126  6:53  Drone x3  
  129  6:57  Overlord  
  129  6:58  Zerg Missile Weapons Level 1  
  128  7:09  Roach  
  128  7:10  Roach x7  
  143  7:16  Overlord  
  143  7:21  Ravager  
  143  7:22  Ravager  
  145  7:23  Overlord  
  145  7:24  Zergling x10  
  149  7:35  Drone x6, Overlord  
  149  7:36  Drone x2  
  156  7:39  Hive  
  156  7:41  Centrifugal Hooks, Overlord  
  155  7:48  Ravager x2, Evolution Chamber  
  155  7:50  Roach x2  
  155  7:51  Roach  
  161  7:57  Zergling x6  
  161  7:58  Zergling x8  
  168  8:08  Ravager, Zergling x2  
  168  8:09  Zergling x20  
  168  8:11  Hatchery  
  174  8:20  Roach x6  
  172  8:29  Roach x3  
  166  8:36  Roach x10  
  185  8:42  Baneling x11  
  185  8:44  Zergling x10  
  185  8:47  Drone x2  
  192  8:49  Zerg Melee Weapons Level 1  
  192  8:56  Baneling x5  
  192  8:57  Baneling  
  192  8:58  Overlord  
  190  9:05  Zergling x6  
  187  9:13  Roach x5  
  187  9:19  Zergling x20  
  195  9:26  Zergling x2, Roach  
  195  9:27  Zergling x2  
  199  9:31  Zergling x2  
  199  9:33  Zerg Missile Weapons Level 2  
  199  9:34  Adrenal Glands  
  199  9:38  Zergling x8  
  197  9:41  Ravager  
  197  9:45  Zergling x14  
  198  9:50  Overseer x2  
  194  9:53  Zergling x6  
  194  9:55  Overlord  
  195  10:01  Spire  
  182  10:14  Roach x9  
  184  10:21  Zergling x2  
  184  10:22  Zergling x24  
  188  10:28  Roach  
  188  10:30  Overseer  
  188  10:34  Zergling x8  
  188  10:40  Zergling x4  
  188  10:42  Overseer  
  190  10:43  Overseer  
  190  10:55  Baneling x26  
  189  11:01  Overlord x2  
  189  11:05  Spine Crawler, Extractor  
  189  11:06  Spine Crawler, Spore Crawler, Extractor  
  189  11:07  Spine Crawler x2, Spore Crawler  
  189  11:08  Drone x6, Spine Crawler  
  189  11:10  Drone x3, Spine Crawler x2  
  187  11:12  Baneling x11  
  187  11:22  Drone x5  
  189  11:26  Zergling x20  
  189  11:32  Spine Crawler x2  
  188  11:41  Zergling x22  
  188  11:46  Zergling x2  
  198  11:55  Greater Spire, Zerg Melee Weapons Level 2  
  198  11:56  Zerg Missile Weapons Level 3  
  191  12:12  Zergling x12  
  191  12:14  Viper  
  200  12:22  Spine Crawler  
  199  12:23  Spine Crawler  
  198  12:30  Baneling x3  
  198  12:31  Baneling x18  
  198  12:38  Corruptor  
  189  12:56  Viper x2  
  189  13:03  Baneling x12  
  189  13:05  Zergling x20  
  199  13:13  Zerg Flyer Weapons Level 1  
  199  13:16  Extractor  
  199  13:17  Extractor  
  199  13:18  Spine Crawler  
  196  13:20  Spine Crawler  
  196  13:21  Spine Crawler x2  
  196  13:22  Spine Crawler  
  196  13:23  Spine Crawler  
  189  13:32  Zergling x14  
  180  13:39  Corruptor x6  
  183  13:55  Zergling x34  
  199  13:57  Corruptor x2  
  199  14:09  Roach  
  188  14:13  Brood Lord x4  
  188  14:16  Zergling x2  
  199  14:19  Baneling x10  
  187  14:29  Roach x10  
  187  14:30  Brood Lord, Overlord  
  185  14:36  Brood Lord  
  163  14:43  Zergling x26  
  150  14:58  Roach x6  

Tags
 
Add a new tag
Caveats
  • Supply blocks, unpowered buildings, or Contaminate may cause inaccurate times.
  • Supply counts are checked every 10 seconds.